Get step-by-step instructions on how to execute this build order below. Start the game timer, and the build order will tick by so you can play in parallel with StarCraft on a second screen or mobile device.

Game Time

  0:00

Last Step

  N/A

Next Step

  12  0:01  SCV  

Upcoming Step

  13  0:13  SCV  

Don't want to look back and forth between 2 screens? Try out our Overwolf App, the Spawning Tool Build Advisor to get an in-game overlay with this build!

Complete Build Order

  12  0:01  SCV  
  13  0:13  SCV  
  14  0:19  Supply Depot  
  14  0:25  SCV  
  15  0:40  SCV  
  16  0:44  Barracks  
  16  0:53  SCV  
  16  0:54  Supply Depot  
  17  1:05  SCV  
  18  1:13  Barracks  
  18  1:17  SCV  
  19  1:29  SCV  
  20  1:35  Barracks  
  20  1:36  Marine  
  21  1:41  SCV  
  22  1:54  SCV  
  23  1:56  Marine, Barracks  
  24  2:06  Marine  
  25  2:08  Supply Depot  
  25  2:12  SCV  
  25  2:14  Marine  
  27  2:22  Marine  
  28  2:24  Marine, SCV  
  30  2:32  Marine  
  30  2:36  SCV  
  32  2:39  Marine  
  32  2:40  Supply Depot  
  32  2:41  Marine  
  34  2:44  Marine  
  34  2:50  Bunker  
  35  2:59  Marine x2  
  35  3:02  Marine x2  
  35  3:03  Bunker  
  35  3:04  SCV  
  40  3:15  Supply Depot  
  40  3:16  SCV  
  40  3:17  Marine x2  
  43  3:20  Marine  
  43  3:23  Marine  
  45  3:28  SCV  
  46  3:35  Marine  
  46  3:37  Marine  
  46  3:38  Marine  
  45  3:53  Marine  
  45  3:54  Marine  
  43  4:05  Command Center  
  43  4:11  SCV  
  43  4:13  Refinery  
  43  4:15  Refinery  
  42  4:28  Orbital Command  
  42  4:29  Marine  
  42  4:30  Marine  
  41  4:41  Bunker  
  41  4:44  Marine x2  
  43  4:50  Marine x2  
  43  5:03  Marine x2  
  42  5:09  Marine  
  42  5:10  Marine  
  40  5:21  Marine x2  
  39  5:24  Barracks  
  39  5:27  Marine x2, SCV  
  42  5:36  Factory  
  42  5:38  Marine  
  42  5:40  SCV  
  42  5:42  Orbital Command  
  44  5:46  Marine  
  45  5:53  Barracks Tech Lab  
  45  5:55  Barracks Reactor  
  45  5:57  Engineering Bay  
  45  5:59  SCV  
  45  6:22  Marine x3  
  48  6:31  Starport  
  48  6:32  Marine x2  
  48  6:35  Barracks Tech Lab  
  48  6:36  SCV x2  
  51  6:40  Marine  
  51  6:41  Barracks Tech Lab  
  51  6:43  Barracks Tech Lab  
  52  6:48  SCV x2  
  52  6:50  Marine x2  
  52  6:52  Supply Depot  
  56  6:55  Stimpack  
  56  6:57  Marine  
  56  7:00  SCV x2  
  59  7:06  Siege Tank  
  59  7:08  Marine x2  
  64  7:12  Starport Reactor  
  64  7:17  SCV, Missile Turret  
  64  7:18  Marine  
  66  7:24  Marine, Marauder  
  66  7:25  SCV  
  66  7:26  Missile Turret  
  70  7:38  Marine x3, Marauder  
  70  7:42  Marauder  
  77  7:45  Missile Turret  
  77  7:56  Medivac, Siege Tank  
  77  7:57  Medivac, Supply Depot  
  81  8:07  Marine  
  81  8:08  Marine x2, Marauder x2  
  81  8:12  Marine  
  82  8:19  SCV x2  
  73  8:33  Marine  
  68  8:34  SCV  
  68  8:35  SCV  
  70  8:46  SCV  
  70  8:48  SCV  
  70  8:55  Barracks Tech Lab  
  71  8:59  SCV  
  72  9:16  Command Center  
  72  9:18  Marine  
  72  9:19  Marine  
  72  9:22  Refinery  
  74  9:27  Refinery  
  74  9:30  Marauder x2  
  74  9:31  Concussive Shells  
  78  9:51  Liberator x2  
  75  10:04  Marine  
  75  10:05  Marine, Marauder  
  77  10:07  Siege Tank  
  77  10:09  SCV x2  
  88  10:19  Refinery  
  88  10:21  Marauder, Combat Shield, SCV x2  
  90  10:23  Marine  
  90  10:24  Supply Depot  
  93  10:33  SCV  
  93  10:34  Marauder  
  96  10:42  Marine  
  96  10:43  Marine, Marauder x2  
  96  10:47  Supply Depot  
  102  10:51  Medivac  
  101  10:58  Marine  
  101  10:59  Marauder  
  101  11:00  Marine x2  
  90  11:04  Marauder  
  90  11:05  Marauder  
  73  11:14  Orbital Command  
  73  11:16  Marine  
  73  11:18  Marine x2  
  74  11:19  Marine  
  74  11:21  Medivac  
  79  11:25  Marine  
  79  11:26  Marauder  
  82  11:33  Terran Infantry Weapons Level 1  
  82  11:34  Marine  
  82  11:36  Marine, SCV x2  
  82  11:38  Engineering Bay, Marauder  
  82  11:39  Refinery  
  88  11:40  Marine  
  88  11:44  Marauder  
  88  11:47  Marine  
  88  11:48  SCV  
  88  11:52  Marauder  
  88  11:54  Marine  
  87  11:58  Marine  
  87  11:59  Marauder  
  81  12:04  Marine  
  81  12:05  Marauder  
  76  12:11  Marine  
  76  12:13  Marauder  
  74  12:15  Marine  
  74  12:21  Marauder  
  74  12:22  Marine  
  77  12:26  Marine  
  77  12:29  Marine  
  80  12:32  SCV x3  
  80  12:33  Marine  
  80  12:35  Marauder  
  86  12:40  Marine  
  86  12:41  Marine  
  88  12:44  SCV, Marauder  
  88  12:45  Siege Tank  
  88  12:47  Marine  
  95  12:51  Marine  
  95  12:56  Marauder  
  95  12:58  Marine  
  97  13:00  Marauder  
  97  13:05  Marine  
  101  13:06  Marauder  
  101  13:09  Marine  
  100  13:16  Marauder  
  100  13:17  Marine, Viking x2  
  100  13:18  Siege Tank  
  110  13:21  Marauder  
  110  13:23  Marine  
  110  13:27  Marine, Marauder  
  113  13:30  SCV x2, Missile Turret  
  115  13:35  Marauder, Armory  
  115  13:37  Marine  
  115  13:41  Marine  
  119  13:43  Marauder  
  119  13:44  Marine  
  119  13:46  Factory  
  119  13:47  Viking  
  124  13:52  Medivac  
  124  13:53  Marauder  
  124  13:55  Marine  
  129  13:57  Marauder  
  129  13:58  Marine, Armory  
  129  14:02  Marine  
  132  14:04  Marauder  
  134  14:13  Marauder  
  134  14:14  Marine  
  134  14:16  Marine  
  121  14:20  Marine